 Dungeon Crawl Stone Soup version 0.31-a0-986-g5e6e4ef867 (webtiles) character file.

Game seed: 16033851025652004785

118 Dittersdorf the Trooper (level 5, 0/42 HPs)
             Began as a Human Fighter on Nov 7, 2023.
             Slain by an iguana (5 damage)
             ... on level 2 of the Dungeon.
             The game lasted 00:01:38 (1346 turns).

Dittersdorf the Trooper (Human Fighter)             Turns: 1346, Time: 00:01:39

Health: 0/42       AC: 10    Str: 18    XL:     5   Next: 23%
Magic:  5/5        EV:  6    Int:  8    God:
Gold:   102        SH:  9    Dex: 13    Spells: 4/4 levels left

rFire   . . .        a - +0 long sword
rCold   . . .        k - +0 kite shield
rNeg    . . .        j - +0 chain mail
rPois   .            f - +0 helmet
rElec   .            (no cloak)
rCorr   .            (no gloves)
SInv    .            (no boots)
Will    .....        (no amulet) Stlth
                     (no ring)
HPRegen 0.27/turn    (no ring)
MPRegen 0.09/turn

%: no passive effects
@: no status effects
A: no striking features
a: no special abilities


You were on level 2 of the Dungeon.
You visited 1 branch of the dungeon, and saw 3 of its levels.

You collected 102 gold pieces.

Inventory:

Hand Weapons
 a - a +0 long sword (weapon)
Armour
 f - a +0 helmet (worn)
 j - a +0 chain mail (worn)
 k - a +0 kite shield (worn)
Wands
 c - a wand of light (8)
Scrolls
 g - a scroll of revelation {unknown}
 h - a scroll of identify {unknown}
 i - 2 scrolls of enchant armour {unknown}
 l - a scroll of fog {unknown}
 m - a scroll of blinking {unknown}
Potions
 b - 4 potions of enlightenment {unknown}
 d - 2 potions of might
 e - a potion of lignification {unknown}


   Skills:
 + Level 3.8 Fighting
 + Level 3.0 Long Blades
 + Level 3.7 Armour
 + Level 3.7 Shields


You had 4 spell levels left.
You didn't know any spells.
Your spell library was empty.

Dungeon Overview and Level Annotations

Branches:
Dungeon (3/15)

Altars:

Annotations:
D:2 1 runed translucent door, Crazy Yiuf


Message History

The bat closely misses you. The bat hits you but does no damage.
The iguana bites you. The iguana bites you! You block the bat's attack.
You are too injured to fight recklessly!
You are too injured to fight recklessly!
You are too injured to fight recklessly!
You are too injured to fight recklessly!
You are too injured to fight recklessly!
You are too injured to fight recklessly!
You are too injured to fight recklessly!
You are too injured to fight recklessly!
You are too injured to fight recklessly!
You are too injured to fight recklessly!
You are too injured to fight recklessly!
You are too injured to fight recklessly!
You are too injured to fight recklessly!
You are too injured to fight recklessly!
You are too injured to fight recklessly!
You are too injured to fight recklessly!
You are too injured to fight recklessly!
You are too injured to fight recklessly!
You are too injured to fight recklessly!
The bat attacks as it pursues you! You block the bat's attack.
The bat hits you but does no damage. You block the bat's attack.
The iguana attacks as it pursues you! The iguana bites you.
You block the bat's attack.
There is a stone staircase leading up here.
The bat barely misses you. The iguana barely misses you.
You climb upwards.
Level annotation: 1 runed translucent door, Crazy Yiuf
There is a stone staircase leading down here.
You slash the bat!
You kill the bat!
The iguana barely misses you. The iguana bites you!
* * * LOW HITPOINT WARNING * * *
You hit the iguana.
The iguana is moderately wounded.
The iguana bites you.
You die...

####### #.....#
#####.....# ...##.....#
...##.....# ######
...##.....###########....#
................@l>##....#
...##.†...########.##....#
...##†....# #.##....#
######.#### #.##....#
###.# #.##....# ####...#
#.##....# ..##.###
##.##....# #.##.####
#........# ..##....#
#..##....#


You could see an iguana.

Vanquished Creatures
  A scorpion (D:2)
  2 adders (D:2)
  A dart slug (D:2)
  3 bats
  6 endoplasms
  4 giant cockroaches
  3 hobgoblins
  3 kobolds
  6 quokkas
  4 ball pythons
  5 frilled lizards
  3 rats (D:1)
41 creatures vanquished.

Notes
Turn   | Place    | Note
-------+----------+-------------------------------------------
     0 | D:1      | Dittersdorf the Human Fighter began the quest for the Orb.
     0 | D:1      | Reached XP level 1. HP: 18/18 MP: 1/1
   167 | D:1      | Reached XP level 2. HP: 20/24 MP: 2/2
   488 | D:1      | Reached XP level 3. HP: 29/29 MP: 3/3
   868 | D:2      | Noticed a scorpion
   883 | D:2      | Killed a scorpion
   884 | D:2      | Reached XP level 4. HP: 15/37 MP: 4/4
   884 | D:2      | Reached XP level 5. HP: 17/42 MP: 5/5
  1250 | D:2      | Found a runed translucent door.
  1251 | D:2      | Noticed Crazy Yiuf
  1346 | D:2      | Slain by an iguana

Illustrated notes

Levels and vault maps discovered:
D:1:      zelgadis_glass_arrival_small, layout_loops_ring
D:2:      layout_basic, uniq_crazy_yiuf_cottage
D:3:      layout_loops_ring, mainiacjoe_overflow_large_starburst,
          skrybe_limestone_x

Skill      XL: |  1  2  3  4  5 |
---------------+----------------+-----
Long Blades    | 3 |  3.0
Fighting       | |  3.8
Armour         | |  3.7
Shields        | |  3.7

Action                     |  1- 3 |  4- 6 || total
---------------------------+-------+-------++-------
  Melee: Long sword        |    88 |    25 ||   113
 Armour: Scale mail        |    38 |       ||    38
         Chain mail        |    37 |    23 ||    60
  Dodge: Dodged            |    20 |     7 ||    27
  Block: Buckler           |    16 |       ||    16
         Kite shield       |     9 |    24 ||    33

Table legend: (Time is in decaauts)
 A = Elapsed time spent in this place.
 B = Non-inter-level travel time spent in this place.
 C = Inter-level travel time spent in this place.
 D = Time resting spent in this place.
 E = Time spent auto-exploring this place.
 F = Levels seen in this place.
 G = Mean time per level.
                   A        B        C        D        E       F      G
               +--------+--------+--------+--------+--------+-----+--------+
         Total |   1387 |   1327 |     60 |    133 |    877 |   3 |  462.3 |
       Dungeon |   1387 |   1327 |     60 |    133 |    877 |   3 |  462.3 |
               +--------+--------+--------+--------+--------+-----+--------+

Top non-repeatable levels by time:
     D:2: 715 daAuts
     D:1: 657 daAuts
     D:3: 14 daAuts
